APP
MISSOULA OSPREY @ GRAND JUNCTION ROCKIES
10/09/2048
 
TOP OF THE 1ST
Grand Junction Rockies batting - Pitching for Missoula Osprey : RHP Qing-hua Tang
Pitching: RHP Qing-hua Tang
Batting: LHB Jordan Garcia 0-0: Ground out 4-3 (Groundball, 4, EV 107.5 MPH)
Batting: SHB Ramiro Rendina 0-0: Ball
1-0: Ball
2-0: Ball
3-0: Base on Balls
Batting: RHB Billy Crawford Balk!
Ramiro Rendina to second
0-0: Called Strike
0-1: Ball
1-1: Foul Ball, location: 2F
1-2: Ball
2-2: Ball
Passed Ball!
Ramiro Rendina to third
3-2: Fly out, F8 (Flyball, 8LS, EV 80.6 MPH)
Batting: RHB Heitor Bulho 0-0: Ball
1-0: Ball
2-0: SINGLE (Groundball, 4S, EV 65.6 MPH) (infield hit)
Ramiro Rendina scores
Batting: LHB Franklin Sanchez 0-0: Foul Ball, location: 2F
0-1: Foul Ball, location: 2F
0-2: Foul Ball, location: 2F
0-2: Ball
Wild Pitch!
Heitor Bulho to second
1-2: Strikes out swinging
Top of the 1st over - 1 run, 1 hit, 0 errors, 1 left on base; Grand Junction 1 - Missoula 0
BOTTOM OF THE 1ST
Missoula Osprey batting - Pitching for Grand Junction Rockies : RHP Kevin Woods
Pitching: RHP Kevin Woods
Batting: LHB Tim West 0-0: Called Strike
0-1: Called Strike
0-2: Ball
1-2: Foul Ball, location: 2F
1-2: Ball
2-2: Fly out, F8 (Flyball, 8LM, EV 73.8 MPH)
Batting: LHB Chris Coleman 0-0: Ball
1-0: Ball
2-0: Ground out U3 (Groundball, 3, EV 85.6 MPH)
Batting: LHB Johnny Cabrera 0-0: Ball
1-0: Called Strike
1-1: Swinging Strike
1-2: Strikes out looking
Bottom of the 1st over - 0 runs, 0 hits, 0 errors, 0 left on base; Grand Junction 1 - Missoula 0
TOP OF THE 2ND
Grand Junction Rockies batting - Pitching for Missoula Osprey : RHP Qing-hua Tang
Batting: RHB Masahide Asano 0-0: Ball
1-0: Ball
2-0: Foul Ball, location: 2F
2-1: Swinging Strike
2-2: Strikes out looking
Batting: LHB Craig Tucker 0-0: DOUBLE (Line Drive, 7LM, EV 105.6 MPH)
Batting: RHB Pat Stovall 0-0: Ball
1-0: Called Strike
1-1: Swinging Strike
1-2: SINGLE (Groundball, 6, EV 106.9 MPH) (infield hit)
Craig Tucker to third
Batting: RHB Kevin Woods 0-0: Called Strike
Pat Stovall steals 2nd base
0-1: Ball
1-1: Swinging Strike
Passed Ball!
Craig Tucker scores
Pat Stovall to third
1-2: Strikes out swinging
Batting: LHB Jordan Garcia 0-0: Called Strike
Passed Ball!
Pat Stovall scores
0-1: Swinging Strike
0-2: Strikes out swinging
Top of the 2nd over - 2 runs, 2 hits, 0 errors, 0 left on base; Grand Junction 3 - Missoula 0
BOTTOM OF THE 2ND
Missoula Osprey batting - Pitching for Grand Junction Rockies : RHP Kevin Woods
Batting: RHB Hang-ki Yin 0-0: Ground out 5-3 (Groundball, 56S, EV 85.0 MPH)
Batting: LHB Rob Turney 0-0: Ball
1-0: Called Strike
1-1: Ground out 6-3 (Groundball, 56, EV 104.4 MPH)
Batting: RHB Keith Turner 0-0: Foul Ball, location: 2F
0-1: Ball
1-1: Ground out 4-3 (Groundball, 4, EV 78.1 MPH)
Bottom of the 2nd over - 0 runs, 0 hits, 0 errors, 0 left on base; Grand Junction 3 - Missoula 0
TOP OF THE 3RD
Grand Junction Rockies batting - Pitching for Missoula Osprey : RHP Qing-hua Tang
Batting: SHB Ramiro Rendina 0-0: Ground out 6-3 (Groundball, 6S, EV 78.1 MPH)
Batting: RHB Billy Crawford 0-0: Ground out 4-3 (Groundball, 34, EV 85.6 MPH)
Batting: RHB Heitor Bulho 0-0: Ball
1-0: Ball
2-0: Ball
3-0: Base on Balls
Batting: LHB Franklin Sanchez 0-0: Swinging Strike
0-1: Called Strike
0-2: Ball
1-2: Foul Ball, location: 2F
1-2: Strikes out looking
Top of the 3rd over - 0 runs, 0 hits, 0 errors, 1 left on base; Grand Junction 3 - Missoula 0
BOTTOM OF THE 3RD
Missoula Osprey batting - Pitching for Grand Junction Rockies : RHP Kevin Woods
Batting: RHB Ken Cohan 0-0: Called Strike
0-1: Ball
1-1: Foul Ball, location: 2F
1-2: Strikes out swinging
Batting: RHB Evan Barron 0-0: Ball
1-0: Fly out, F7 (Flyball, 78M, EV 86.3 MPH)
Batting: RHB Qing-hua Tang 0-0: Ground out U3 (Groundball, 3L, EV 84.4 MPH)
Bottom of the 3rd over - 0 runs, 0 hits, 0 errors, 0 left on base; Grand Junction 3 - Missoula 0
TOP OF THE 4TH
Grand Junction Rockies batting - Pitching for Missoula Osprey : RHP Qing-hua Tang
Batting: RHB Masahide Asano 0-0: Ball
1-0: Foul Ball, location: 2F
1-1: Foul Ball, location: 2F
1-2: Ball
2-2: Foul Ball, location: 2F
2-2: Ball
3-2: Foul Ball, location: 2F
3-2: SINGLE (Groundball, 56D, EV 97.5 MPH)
Batting: LHB Craig Tucker 0-0: Fly out, F9 (Flyball, 9, EV 94.4 MPH)
Batting: RHB Pat Stovall 0-0: Ball
Masahide Asano steals 2nd base
1-0: Called Strike
1-1: Ball
Wild Pitch!
Masahide Asano to third
2-1: Foul Ball, location: 2F
2-2: Foul Ball, location: 2F
2-2: Strikes out swinging
Batting: RHB Kevin Woods 0-0: Called Strike
Passed Ball!
Masahide Asano scores
0-1: Ball
1-1: Foul Ball, location: 2F
1-2: Foul Ball, location: 2F
1-2: Fly out, F8 (Line Drive, 8RD, EV 91.3 MPH)
Top of the 4th over - 1 run, 1 hit, 0 errors, 0 left on base; Grand Junction 4 - Missoula 0
BOTTOM OF THE 4TH
Missoula Osprey batting - Pitching for Grand Junction Rockies : RHP Kevin Woods
Batting: LHB Tim West 0-0: SINGLE (Groundball, 4MD, EV 105.6 MPH)
Batting: LHB Chris Coleman 0-0: Ball
1-0: Called Strike
1-1: Swinging Strike
1-2: Strikes out swinging
Batting: LHB Johnny Cabrera 0-0: Ball
1-0: Called Strike
1-1: Ball
2-1: Ball
3-1: Called Strike
3-2: Fly out, F9 (Flyball, 9, EV 83.8 MPH)
Batting: RHB Hang-ki Yin 0-0: Called Strike
0-1: Ball
Tim West steals 2nd base
1-1: Swinging Strike
1-2: Ball
2-2: Foul Ball, location: 2F
2-2: Strikes out looking
Bottom of the 4th over - 0 runs, 1 hit, 0 errors, 1 left on base; Grand Junction 4 - Missoula 0
TOP OF THE 5TH
Grand Junction Rockies batting - Pitching for Missoula Osprey : RHP Qing-hua Tang
Batting: LHB Jordan Garcia 0-0: Fly out, F8 (Flyball, 8RM, EV 87.5 MPH)
Batting: SHB Ramiro Rendina 0-0: Swinging Strike
0-1: Called Strike
0-2: Strikes out swinging
Batting: RHB Billy Crawford 0-0: Ball
1-0: Called Strike
1-1: Ground out 5-3 (Groundball, 56S, EV 82.5 MPH)
Top of the 5th over - 0 runs, 0 hits, 0 errors, 0 left on base; Grand Junction 4 - Missoula 0
BOTTOM OF THE 5TH
Missoula Osprey batting - Pitching for Grand Junction Rockies : RHP Kevin Woods
Batting: LHB Rob Turney 0-0: Ball
1-0: Ball
2-0: Called Strike
2-1: Foul Ball, location: 2F
2-2: Ball
3-2: Fly out, F7 (Flyball, 7S, EV 80.6 MPH)
Batting: RHB Keith Turner 0-0: Ball
1-0: Ground out 4-3 (Groundball, 4, EV 86.9 MPH)
Batting: RHB Ken Cohan 0-0: Called Strike
0-1: Called Strike
0-2: Ball
1-2: Ball
2-2: Foul Ball, location: 2F
2-2: Ground out 6-3 (Groundball, 6, EV 81.3 MPH)
Bottom of the 5th over - 0 runs, 0 hits, 0 errors, 0 left on base; Grand Junction 4 - Missoula 0
TOP OF THE 6TH
Grand Junction Rockies batting - Pitching for Missoula Osprey : RHP Qing-hua Tang
Batting: RHB Heitor Bulho 0-0: Ball
1-0: Foul Ball, location: 2F
1-1: Swinging Strike
1-2: Ball
2-2: Strikes out swinging
Pitching: RHP Juan Robledo
Batting: LHB Franklin Sanchez 0-0: Called Strike
0-1: Ball
1-1: Ball
2-1: Ball
3-1: Called Strike
3-2: Foul Ball, location: 2F
3-2: Strikes out swinging
Batting: RHB Masahide Asano 0-0: Called Strike
0-1: Foul Ball, location: 2F
0-2: Ball
1-2: Ball
2-2: Ball
3-2: Base on Balls
Batting: LHB Craig Tucker 0-0: Ball
Masahide Asano steals 2nd base (no throw)
1-0: Swinging Strike
Passed Ball!
Masahide Asano to third
1-1: Ground out 5-3 (Groundball, 56, EV 88.8 MPH)
Top of the 6th over - 0 runs, 0 hits, 0 errors, 1 left on base; Grand Junction 4 - Missoula 0
BOTTOM OF THE 6TH
Missoula Osprey batting - Pitching for Grand Junction Rockies : RHP Kevin Woods
Batting: RHB Evan Barron 0-0: Called Strike
0-1: Ball
1-1: Foul Ball, location: 2F
1-2: Strikes out swinging
Pinch Hitting: LHB Matt Marquis 0-0: Fly out, F8 (Flyball, 78D, EV 100.6 MPH)
Batting: LHB Tim West 0-0: Ball
1-0: Ball
2-0: Ball
3-0: Base on Balls
Batting: LHB Chris Coleman 0-0: Ground out 3-1 (Groundball, 3, EV 80.6 MPH)
Bottom of the 6th over - 0 runs, 0 hits, 0 errors, 1 left on base; Grand Junction 4 - Missoula 0
TOP OF THE 7TH
Grand Junction Rockies batting - Pitching for Missoula Osprey : RHP Juan Robledo
Pitching: RHP Toshio Kumagai
Batting: RHB Pat Stovall 0-0: Called Strike
0-1: SINGLE (Line Drive, 6MD, EV 98.1 MPH)
Batting: RHB Kevin Woods 0-0: Bunt missed!
0-1: Bunted foul
0-2: Bunt missed, Strikeout!
Batting: LHB Jordan Garcia 0-0: Ball
1-0: Ball
2-0: Ball
3-0: Called Strike
3-1: SINGLE (Groundball, 34D, EV 104.4 MPH)
Pat Stovall to second
Batting: SHB Ramiro Rendina 0-0: Ball
1-0: Foul Ball, location: 2F
1-1: Ball
2-1: Reached on error, E6 (Groundball, 6, EV 100.0 MPH)
Pat Stovall to third
Jordan Garcia to second
Pitching: RHP Frank Coady
Batting: RHB Billy Crawford 0-0: Ball
Wild Pitch!
Pat Stovall scores
Jordan Garcia to third
Ramiro Rendina to second
1-0: Foul Ball, location: 2F
1-1: Swinging Strike
Passed Ball!
Jordan Garcia scores
Ramiro Rendina to third
1-2: Ball
2-2: Foul Ball, location: 2F
2-2: Ball
3-2: SINGLE (Flyball, 89S, EV 85.6 MPH)
Ramiro Rendina scores
Batting: RHB Heitor Bulho 0-0: Ball
1-0: Swinging Strike
1-1: Foul Ball, location: 2F
1-2: Fly out, F8 (Flyball, 8LD, EV 108.1 MPH)
Batting: LHB Franklin Sanchez 0-0: Ball
Wild Pitch!
Billy Crawford to second
1-0: SINGLE (Line Drive, 89M, EV 101.3 MPH)
Billy Crawford to third
Pinch Hitting: RHB Ed Powell 0-0: Called Strike
0-1: Called Strike
0-2: Strikes out swinging
Top of the 7th over - 3 runs, 4 hits, 1 error, 2 left on base; Grand Junction 7 - Missoula 0
BOTTOM OF THE 7TH
Missoula Osprey batting - Pitching for Grand Junction Rockies : RHP Kevin Woods
Now in LF: Collin Hillary
Batting: LHB Johnny Cabrera 0-0: Ground out 1-3 (Groundball, 34S, EV 85.0 MPH)
Batting: RHB Hang-ki Yin 0-0: Swinging Strike
0-1: Foul Ball, location: 2F
0-2: Ball
1-2: Strikes out looking
Batting: LHB Rob Turney 0-0: Ball
1-0: Ball
2-0: Called Strike
2-1: Called Strike
2-2: Foul Ball, location: 2F
2-2: Ball
3-2: Foul Ball, location: 2F
3-2: Base on Balls
Pitching: RHP Mario Rodriguez
Batting: RHB Keith Turner 0-0: Foul Ball, location: 2F
0-1: Ball
1-1: Fielders Choice at 2nd, 5-4 (Groundball, 5, EV 80.6 MPH)
Bottom of the 7th over - 0 runs, 0 hits, 0 errors, 1 left on base; Grand Junction 7 - Missoula 0
TOP OF THE 8TH
Grand Junction Rockies batting - Pitching for Missoula Osprey : RHP Frank Coady
Batting: LHB Craig Tucker 0-0: Called Strike
0-1: Ball
1-1: Ball
2-1: Ball
3-1: Foul Ball, location: 2F
3-2: Fly out, F8 (Line Drive, 8RM, EV 85.0 MPH)
Batting: RHB Pat Stovall 0-0: Called Strike
0-1: Ground out 5-3 (Groundball, 5, EV 89.4 MPH)
Batting: RHB Mario Rodriguez 0-0: Ball
1-0: Foul Ball, location: 2F
1-1: Ball
2-1: Single, Error in OF, E8, batter to second base (Groundball, 4MD, EV 101.3 MPH)
Batting: LHB Jordan Garcia 0-0: Ball
1-0: Called Strike
1-1: Foul Ball, location: 2F
1-2: Hit by Pitch
Batting: SHB Ramiro Rendina 0-0: SINGLE (Groundball, 6MD, EV 95.0 MPH)
Mario Rodriguez to third
Jordan Garcia to second
Runner from 3rd tries for Home, SAFE, throw by CF to home
Batting: RHB Billy Crawford 0-0: Foul Ball, location: 2F
0-1: Foul Ball, location: 2F
0-2: Ball
Passed Ball!
Jordan Garcia to third
Ramiro Rendina to second
1-2: Ball
2-2: Foul Ball, location: 2F
2-2: SINGLE (Groundball, 56D, EV 96.9 MPH)
Jordan Garcia scores
Ramiro Rendina to third
Runner from 3rd tries for Home, throw by LF and OUT! 7-2
Top of the 8th over - 2 runs, 3 hits, 1 error, 1 left on base; Grand Junction 9 - Missoula 0
BOTTOM OF THE 8TH
Missoula Osprey batting - Pitching for Grand Junction Rockies : RHP Mario Rodriguez
Batting: RHB Ken Cohan 0-0: Ball
1-0: Foul Ball, location: 2F
1-1: Called Strike
1-2: Strikes out swinging
Batting: RHB Evan Barron 0-0: Foul Ball, location: 2F
0-1: Ball
1-1: Swinging Strike
1-2: Strikes out swinging
Batting: RHB Frank Coady 0-0: Called Strike
0-1: Foul Ball, location: 2F
0-2: Ball
1-2: Strikes out swinging
Bottom of the 8th over - 0 runs, 0 hits, 0 errors, 0 left on base; Grand Junction 9 - Missoula 0
TOP OF THE 9TH
Grand Junction Rockies batting - Pitching for Missoula Osprey : RHP Frank Coady
Batting: RHB Heitor Bulho 0-0: Foul Ball, location: 2F
0-1: Foul Ball, location: 2F
0-2: Ball
1-2: Ball
2-2: Foul Ball, location: 2F
2-2: Ball
3-2: Foul Ball, location: 2F
3-2: Foul Ball, location: 2F
3-2: Foul Ball, location: 2F
3-2: Base on Balls
Batting: LHB Franklin Sanchez 0-0: Ball
1-0: Called Strike
1-1: Foul Ball, location: 2F
1-2: Strikes out swinging
Pitching: LHP Brent Croom
Batting: RHB Collin Hillary 0-0: Fielders Choice at 2nd, 3-6 (Groundball, 34S, EV 80.6 MPH)
Batting: LHB Craig Tucker 0-0: Foul Ball, location: 2F
0-1: Called Strike
0-2: Ball
Passed Ball!
Collin Hillary to second
1-2: Strikes out swinging
Top of the 9th over - 0 runs, 0 hits, 0 errors, 1 left on base; Grand Junction 9 - Missoula 0
BOTTOM OF THE 9TH
Missoula Osprey batting - Pitching for Grand Junction Rockies : RHP Mario Rodriguez
Batting: LHB Tim West 0-0: Foul Ball, location: 2F
0-1: Foul Ball, location: 2F
0-2: Strikes out swinging
Batting: LHB Chris Coleman 0-0: Fly out, F5 (Popup, 5D, EV 52.5 MPH)
Batting: LHB Johnny Cabrera 0-0: Ball
1-0: Ball
2-0: Called Strike
2-1: Fly out, F4 (Popup, 4MD, EV 62.5 MPH)
Bottom of the 9th over - 0 runs, 0 hits, 0 errors, 0 left on base; Grand Junction 9 - Missoula 0
Tuesday, March 28th , 2023 - OOTP Baseball 23.10 Build 110